 Dungeon Crawl Stone Soup version 0.23.0 (webtiles) character file.

Game seed: 9099406857418120332

3818 ohad the Transmogrifier (level 9, -5/80 HPs)
             Began as a Demonspawn Transmuter on Feb 14, 2019.
             Was a Believer of Makhleb.
             Slain by a porcupine (6 damage)
             ... while petrified by a basilisk
             ... on level 8 of the Dungeon.
             The game lasted 00:26:46 (8895 turns).

ohad the Transmogrifier (Demonspawn Transmuter)     Turns: 8895, Time: 00:26:46

Health: -5/80      AC:  9    Str: 10    XL:     9   Next: 97%
Magic:  11/13      EV:  1    Int: 17    God:    Makhleb [**....]
Gold:   597        SH:  0    Dex: 15    Spells: 4/14 levels left

rFire    x . .     SeeInvis .     - Unarmed
rCold    + + +     Gourm    +   (shield currently unavailable)
rNeg     + + +     Faith    .   (armour currently unavailable)
rPois    ∞         Spirit   .   (helmet unavailable)
rElec    .         Reflect  .   (cloak currently unavailable)
rCorr    .         Harm     .   (gloves currently unavailable)
MR       .....                  (boots currently unavailable)
Stlth    +.........             N - amulet of the gourmand
HPRegen  0.23/turn              k - +2 ring of slaying
MPRegen  0.13/turn              l - +3 ring of protection

@: ice-form, petrified
A: large, powered by pain 1
a: End Transformation, Minor Destruction, Renounce Religion


You were on level 8 of the Dungeon.
You worshipped Makhleb.
Makhleb was pleased with you.
You were very full.
You were a creature of crystalline ice.
You visited 1 branch of the dungeon, and saw 8 of its levels.

You collected 597 gold pieces.

Inventory:

Hand Weapons
 x - a +1 dagger of electrocution (melded)
 E - a +0 blowgun
Missiles
 a - 82 arrows
 g - 56 poisoned needles
 D - 9 tomahawks (quivered)
 G - 58 bolts
Armour
 b - a +0 robe (melded)
 m - a +0 large shield
 o - a +0 leather armour
 r - a +0 chain mail
 s - a +0 ring mail
 v - a +0 pair of gloves of archery (melded)
 y - a +0 leather armour
 M - +0 fire dragon scales
Jewellery
 k - a +2 ring of slaying (left front paw)
 l - a +3 ring of protection (right front paw)
 p - a cursed ring of teleportation {unknown}
 I - a +2 ring of intelligence {unknown}
 L - an uncursed ring of wizardry {unknown}
 N - an amulet of the gourmand (around neck)
 P - a cursed amulet of inaccuracy {unknown}
Wands
 h - a wand of digging (5)
 H - a wand of iceblast (14)
 Q - a wand of acid (8)
Scrolls
 c - 3 scrolls of remove curse {unknown}
 e - 3 scrolls of enchant armour {unknown}
 i - 4 scrolls of immolation {unknown}
 n - 5 scrolls of teleportation {unknown}
 q - a scroll of fear {unknown}
 t - 6 scrolls of amnesia {unknown}
 u - 2 scrolls of blinking {unknown}
 w - 4 scrolls of enchant weapon {unknown}
 C - 2 scrolls of magic mapping
 O - 2 scrolls of identify
 S - a scroll of silence {unknown}
Potions
 f - 2 potions of lignification
 j - 4 potions of berserk rage
 z - 2 potions of brilliance
 A - 4 potions of curing
 B - a potion of cancellation
 F - a potion of agility
 J - a potion of haste {unknown}
 K - a potion of might
 R - 2 potions of flight {unknown}
Comestibles
 d - 9 rations


   Skills:
 + Level 4.9 Fighting
 - Level 1.7 Dodging
 - Level 7.0 Unarmed Combat
 - Level 3.0 Spellcasting
 - Level 9.8 Transmutations
 - Level 3.2 Ice Magic


You had 4 spell levels left.
You knew the following spells:

 Your Spells              Type           Power        Failure   Level  Hunger
a - Beastly Appendage     Tmut           #####.       1%          1    None
b - Sticks to Snakes      Tmut           #####...     1%          2    ##.....
c - Spider Form           Tmut/Pois      ###.......   7%          3    ###....
d - Ice Form              Ice/Tmut       ###.....     12%         4    ####...

Your spell library contained the following spells:

 Spells                   Type           Power        Failure   Level  Hunger
 Animate Skeleton         Necr           N/A          17%         1    None
 Apportation              Tloc           #.....       17%         1    None
 Confusing Touch          Hex            #.....       17%         1    None
 Summon Small Mammal      Summ           #...         17%         1    None
 Petrify                  Tmut/Erth      ###.....     24%         4    ####...
 Confuse                  Hex            #.......     45%         3    ###....
 Gell's Gravitas          Tloc           #.........   45%         3    ###....
 Blade Hands              Tmut           #####.....   9%          5    ######.
 Yara's Violent Unravell  Hex/Tmut       ###.......   54%         5    ######.
 Metabolic Englaciation   Hex/Ice        #.........   94%         5    ######.


Dungeon Overview and Level Annotations

Branches:
Dungeon (8/15)             Temple (0/1) D:7
   Lair: D:8-11

Altars:
Makhleb
Nemelex Xobeh
Trog
Wu Jian
Zin

Annotations:
D:3 3 runed translucent doors, Graouh's ghost, amateur MiFi; Jaiteiro's ghost, novice FoFi; Raspi's ghost, weakling SpEn; bosm's ghost, amateur KoHu; crawlian's ghost, weakling DEFE
D:5 2 transporters


Innate Abilities, Weirdness & Mutations

((You have a pair of large horns on your head.))
((You are partially covered in iridescent scales. (AC +2)))
You sometimes gain a little power by taking damage.
((You are partially covered in sharp spines.))


Message History

The porcupine twitches its whiskers.
The porcupine bites you.
* * * LOW HITPOINT WARNING * * *
The crocodile bites you!
* * * LOW HITPOINT WARNING * * *
The porcupine bites you but does no damage.
The iguana bites you.
* * * LOW HITPOINT WARNING * * *
The basilisk bites you!
* * * LOW HITPOINT WARNING * * *
The porcupine bites you.
* * * LOW HITPOINT WARNING * * *
The porcupine bites you but does no damage.
The crocodile bites you but does no damage.
The iguana bites you.
The porcupine bites you but does no damage.
The basilisk bites you!!
* * * LOW HITPOINT WARNING * * *
The porcupine bites you!
You die...

........<........##..
..................# .
.<.$..............#
.P..:.............#
..................#
P.♣...............#
P........./.......#
..♣...r...........#
P..:..rY..........#
.P♣..Ptll...........
....P.............##
..................
P.P.....#########
P.....### .P♣P..
.P.P.#


You could see a basilisk, a crocodile, an iguana and 2 porcupines.

Vanquished Creatures
  Harold (D:7)
  Pikel (D:4)
  A troll (D:7)
  Prince Ribbit (D:6)
  A slave (D:5)
  2 orc warriors
  2 sky beasts
  2 centaurs (D:7)
  4 ogres
  2 big kobolds (D:7)
  A scorpion (D:6)
  7 orc priests
  A hound (D:5)
  8 orc wizards
  A bullfrog skeleton (D:6)
  2 gnoll shamans (D:7)
  An iguana (D:5)
  8 worker ants
  A hound zombie (D:5)
  A hound skeleton (D:5)
  A worker ant zombie (D:6)
  9 gnolls
  A howler monkey skeleton (D:5)
  13 adders
  2 shadow imps
  A worm (D:6)
  An adder skeleton (D:4)
  2 dart slugs
  4 leopard geckos
  24 orcs
  12 bats
  5 giant cockroaches
  5 goblins
  21 hobgoblins
  24 jackals
  5 quokkas
  2 ball pythons
  4 frilled lizards
  15 kobolds
  2 leopard gecko skeletons
  13 rats
214 creatures vanquished.

Vanquished Creatures (others)
  An orc wizard (D:6)
  An adder skeleton (D:6)
  An orc (D:6)
  A fungus (D:8)
4 creatures vanquished.

Grand Total: 218 creatures vanquished

Notes
Turn   | Place    | Note
-------+----------+-------------------------------------------
     0 | D:1      | ohad the Demonspawn Transmuter began the quest for the Orb.
     0 | D:1      | Reached XP level 1. HP: 15/15 MP: 3/3
    28 | D:1      | Reached skill level 2 in Transmutations
   109 | D:1      | Gained mutation: You have a pair of small horns on your
                  | head. [demonic ancestry]
   109 | D:1      | Reached XP level 2. HP: 21/21 MP: 3/5
   447 | D:1      | Reached skill level 3 in Transmutations
   651 | D:1      | Reached XP level 3. HP: 18/26 MP: 6/6
   665 | D:1      | Learned a level 2 spell: Sticks to Snakes
   669 | D:1      | Learned a level 3 spell: Spider Form
  1105 | D:2      | Reached skill level 4 in Transmutations
  1105 | D:2      | Gained mutation: You sometimes gain a little power by
                  | taking damage. [demonic ancestry]
  1105 | D:2      | Reached XP level 4. HP: 18/32 MP: 3/7
  1742 | D:2      | Found a faded altar of an unknown god.
  1763 | D:2      | You fall through a shaft for 2 floors!
  1778 | D:4      | Gained mutation: You are partially covered in sharp spines.
                  | [demonic ancestry]
  1778 | D:4      | Reached XP level 5. HP: 11/37 MP: 4/8
  1813 | D:4      | Reached skill level 5 in Transmutations
  2553 | D:4      | Found a burning altar of Makhleb.
  2679 | D:3      | Found a runed translucent gate.
  2679 | D:3      | Found a runed translucent gate.
  2679 | D:3      | Found a runed translucent gate.
  2679 | D:3      | Noticed Jaiteiro's ghost (novice FoFi)
  2679 | D:3      | Noticed Raspi's ghost (weakling SpEn)
  2679 | D:3      | Noticed crawlian's ghost (weakling DEFE)
  2679 | D:3      | Noticed Graouh's ghost (amateur MiFi)
  2679 | D:3      | Noticed bosm's ghost (amateur KoHu)
  2698 | D:3      | Gained mutation: You have a pair of horns on your head.
                  | [demonic ancestry]
  2698 | D:3      | Reached XP level 6. HP: 43/43 MP: 6/9
  2707 | D:3      | Reached skill level 6 in Transmutations
  3155 | D:3      | Found a bloodstained altar of Trog.
  4192 | D:5      | Entered Level 5 of the Dungeon
  4255 | D:4      | Became a worshipper of Makhleb the Destroyer
  4475 | D:5      | Found a transporter.
  4534 | D:5      | Reached skill level 7 in Transmutations
  4534 | D:5      | Reached XP level 7. HP: 44/48 MP: 10/10
  4569 | D:5      | Learned a level 4 spell: Ice Form
  4900 | D:5      | Reached * piety under Makhleb
  5066 | D:4      | Reached skill level 8 in Transmutations
  5361 | D:5      | Found a transporter.
  5713 | D:6      | Noticed Pikel
  6138 | D:4      | Killed Pikel
  6138 | D:4      | Reached skill level 9 in Transmutations
  6138 | D:4      | Gained mutation: You have a pair of large horns on your
                  | head. [demonic ancestry]
  6138 | D:4      | Reached XP level 8. HP: 40/54 MP: 8/11
  6467 | D:6      | Found an ornate altar of the Wu Jian Council.
  6504 | D:6      | Reached skill level 1 in Ice Magic
  6709 | D:6      | Found a sparkling altar of Nemelex Xobeh.
  7105 | D:6      | Noticed Prince Ribbit
  7114 | D:6      | Killed Prince Ribbit
  7131 | D:6      | Reached ** piety under Makhleb
  7134 | D:6      | Gained mutation: You are partially covered in iridescent
                  | scales. (AC +2) [demonic ancestry]
  7134 | D:6      | Reached XP level 9. HP: 59/59 MP: 13/13
  7367 | D:7      | Noticed a troll
  7375 | D:7      | Killed a troll
  7375 | D:7      | Reached skill level 5 in Unarmed Combat
  7520 | D:7      | Found a staircase to the Ecumenical Temple.
  7585 | D:7      | Noticed Harold
  7596 | D:7      | Killed Harold
  7745 | D:7      | Found a glowing silver altar of Zin.
  8895 | D:8      | HP: 1/80 [basilisk (9)]
  8895 | D:8      | Slain by a porcupine

Skill      XL: |  1  2  3  4  5  6  7  8  9 |
---------------+----------------------------+-----
Transmutations | 2 3 4 5 7 9 |  9.8
Ice Magic      | 3 |  3.2
Spellcasting   | 3 |  3.0
Unarmed Combat | 3 7 |  7.0
Fighting       | 4 |  4.9
Dodging        | |  1.7

Action                   |  1- 3 |  4- 6 |  7- 9 || total
-------------------------+-------+-------+-------++-------
Melee: Unarmed           |    77 |    92 |   160 ||   329
       Headbutt          |     7 |    15 |     7 ||    29
       Kick              |     5 |     9 |       ||    14
       Punch             |     1 |       |       ||     1
       Dagger            |       |    72 |    65 ||   137
 Cast: Beastly Appendage |    14 |    15 |       ||    29
       Spider Form       |     2 |     6 |     7 ||    15
       Ice Form          |       |       |    12 ||    12
  Use: Potion            |       |     1 |       ||     1
       Scroll            |       |       |     9 ||     9
 Stab: Sleeping          |       |     2 |     2 ||     4
  Eat: Chunk             |     1 |    12 |    35 ||    48
Armor: Robe              |    14 |    38 |    18 ||    70
       Skin              |       |    12 |    45 ||    57
Dodge: Dodged            |    48 |   129 |   164 ||   341
